 Dungeon Sprint DCSS version 0.31-a0-846-gb3bcc0d938 (webtiles) character file.

Game seed: 3694872852764771312

56464 sircluck the Brawler (level 13, -9/157 HPs)
             Began as a Troll Berserker on Oct 3, 2023.
             Was a High Priest of Trog.
             Mangled by a polar bear simulacrum (20 damage)
             ... in the Dungeon (Sprint III: "The Ten Rune Challenge").
             The game lasted 00:08:39 (2590 turns).

sircluck the Brawler (Troll Berserker)              Turns: 2590, Time: 00:08:40

Health: -9/157     AC:  4    Str: 32    XL:     13   Next: 9%
Magic:  10/10      EV: 15    Int:  3    God:    Trog [*****.]
Gold:   2104       SH:  0    Dex:  9    Spells: 12/12 levels left

rFire   . .          .
                       - Unarmed
rCold   . . .        (no shield)
rNeg    . . .        a - +0 animal skin
rPois   +            o - +0 hat
rElec   .            (no cloak)
rCorr   .            (gloves unavailable)
SInv    .            (boots unavailable)
Will    .....        s - amulet "Poupnuq" {Faith Slay+4}
Stlth   +            (no ring)
HPRegen 1.26/turn    (no ring)
MPRegen 0.12/turn

%: no teleportation, faith
@: no status effects
A: large, unfitting armour, claws 3, regeneration 1, shaggy fur 1, tough skin 1,
horns 2, low MP 1, poison resistance
}: 2/10 runes: serpentine, barnacled
a: Renounce Religion, Berserk, Trog's Hand, Brothers in Arms


You were in the Dungeon.
You worshipped Trog.
Trog was extremely pleased with you.
You visited 1 branch You collected 2624 gold pieces.
You spent 520 gold pieces at shops.

Inventory:

Missiles
 c - 10 datura-tipped darts
 m - 10 javelins
 n - 12 large rocks
 r - 3 boomerangs
Armour
 a - a +0 animal skin (worn)
 o - a +0 hat (worn)
Jewellery
 s - the amulet "Poupnuq" (around neck) {Faith Slay+4}
   (You acquired it in the Dungeon)

   [amulet of faith]

   Faith:     It allows you to gain divine favour quickly.
   Slay+4:    It affects your accuracy & damage with ranged weapons and melee
   (+4).
Scrolls
 i - a scroll of immolation {unknown}
 j - 4 scrolls of identify
 l - a scroll of torment {unknown}
Potions
 b - 3 potions of curing
 d - a potion of haste
 e - 2 potions of magic
 f - a potion of berserk rage
 k - 4 potions of enlightenment
 p - a potion of ambrosia {unknown}
 q - a potion of lignification {unknown}
Miscellaneous
 h - a tin of tremorstones (2/2)


   Skills:
 + Level 17.5 Fighting
 + Level 17.3 Dodging
 + Level 20.2 Unarmed Combat


You had 12 spell levels left.
You didn't know any spells.
Your spell library was empty.

Dungeon Overview and Level Annotations

Branches:
Dungeon (1/1)

Altars:
Cheibriados
Dithmenos
Elyvilon
Fedhas
Gozag
Hepliaklqana
Kikubaaqudgha
Makhleb
Nemelex Xobeh
Okawaru
Qazlal
Ru
Sif Muna
Trog
Uskayaw
Vehumet
Wu Jian
Xom
Yredelemnul
Zin
The Shining One
Jiyva
Lugonu

Shops:
D :(?*!(:

Annotations:
D exclusion: 2 doors


Innate Abilities, Weirdness & Mutations

You are too large for most types of armour.
You have claws for hands.
Your natural rate of healing is unusually fast.
You are covered in fur. (AC +1)
You have tough skin. (AC +1)
You have a pair of horns on your head.
Your magical capacity is low. (-10% MP)
Your system is resistant to poisons. (rPois)


Message History

There is an open door, spattered with blood here.
Items here: ( ) [ ††.
c - 10 datura-tipped darts Why would you want to do that?
You are engulfed in freezing vapours.
You see here a +1 short sword of venom.
You open the door.
A black mamba simulacrum and a polar bear simulacrum come into view.
You are engulfed in freezing vapours.
Found an ivory ring and a pair of ichor-stained gloves.
You claw the polar bear simulacrum!
The polar bear simulacrum is severely damaged.
You are engulfed in freezing vapours.
A polar bear simulacrum comes into view.
The polar bear simulacrum closely misses you.
The polar bear simulacrum claws you but does no damage.
The polar bear simulacrum barely misses you.
You eviscerate the polar bear simulacrum!!!
The polar bear simulacrum vaporises!
Trog accepts your kill.
You are engulfed in freezing vapours.
You claw the black mamba simulacrum! You claw the black mamba simulacrum.
The black mamba simulacrum is severely damaged.
You are engulfed in freezing vapours.
The black mamba simulacrum misses you.
You eviscerate the black mamba simulacrum!!!
The black mamba simulacrum vaporises!
Trog accepts your kill.
You are engulfed in freezing vapours.
You are engulfed in freezing vapours.
A polar bear simulacrum comes into view.
You are engulfed in freezing vapours.
* * * LOW HITPOINT WARNING * * *
The polar bear simulacrum bites you!
* * * LOW HITPOINT WARNING * * *
The polar bear simulacrum freezes you!
* * * LOW HITPOINT WARNING * * *
The polar bear simulacrum claws you.
* * * LOW HITPOINT WARNING * * *
The polar bear simulacrum freezes you!!
You die...

♣)~~........~~~...##.#.#.##......
'♣≈≈≈≈≈≈≈≈≈≈≈≈♣♣P.'.#.#.#.#......
♣♣♣♣♣♣♣♣♣♣♣♣♣♣♣♣PP##.#.#.########
♣♣ ♣♣♣##+##### '♣♣♣♣♣♣♣♣♣♣♣♣♣♣♣
♣# .##..##~~~~~≈..# [#
##.##)#~~~~≈...# Z#
#.##.##'~~~≈≈####Z#
#.##.).#~~.°○.°.@☼#
##.##..#≈..)#######
##.#####..)#......#
...##[.....#♣♣♣._.#
#####'#############
..##▓)~≈≈≈≈≈≈≈≈≈≈▓
...#▓≈≈~≈≈≈≈≈≈≈≈≈▓
#÷÷#▓≈≈≈..≈≈≈≈≈..▓
...#▓≈≈....~~~...▓


You could see 2 polar bear simulacra.

Vanquished Creatures
  Rupert (D)
  Polyphemus (D)
  Gastronok (D)
  2 dire elephants (D)
  Snorg (D)
  A merfolk javelineer (D)
  A hydra (D)
  A centaur warrior (D)
  2 anacondas (D)
  3 death yaks (D)
  Urug (D)
  An orc high priest (D)
  A sea snake (D)
  A death drake (D)
  A spriggan druid (D)
  A lindwurm (D)
  A deep elf pyromancer (D)
  An elephant (D)
  A guardian serpent (D)
  2 cane toads (D)
  4 black mambas (D)
  A rime drake (D)
  A komodo dragon (D)
  An unseen horror (D)
  2 tyrant leeches (D)
  8 blink frogs (D)
  3 dream sheep (D)
  3 wandering mushrooms (D)
  2 spriggans (D)
  A shadow (D)
  3 redbacks (D)
  A spatial vortex (D)
  6 water moccasins (D)
  A swamp drake (D)
  A black mamba simulacrum (D)
  2 centaurs (D)
  An earth elemental (D)
  A necrophage (D)
  A water elemental (D)
  An electric eel (D)
  A jelly (D)
  An orc priest (D)
  A wizard (D)
  A necromancer (D)
  An orc wizard (D)
  A polar bear simulacrum (D)
  3 humans (D)
  A kobold demonologist (D)
  2 adders (D)
  A phantom (D)
  7 orcs (D)
  An endoplasm (D)
  3 rats (D)
93 creatures vanquished.

Vanquished Creatures (collateral kills)
  A nagaraja (D)
  Ilsuiw (D)
  A hydra (D)
  A naga warrior (D)
  A death yak (D)
  An elephant (D)
  A queen bee (D)
  2 nagas (D)
  3 orc warriors (D)
  32 killer bees (D)
  An orc priest (D)
  4 orcs (D)
49 creatures vanquished.

Grand Total: 142 creatures vanquished

Notes
Turn   | Place    | Note
-------+----------+-------------------------------------------
     0 | D        | sircluck the Troll Berserker began the quest for the Orb.
     0 | D        | Reached XP level 1. HP: 22/22 MP: 0/0
    29 | D        | Reached ** piety under Trog
    61 | D        | Reached XP level 2. HP: 10/31 MP: 1/1
    68 | D        | HP: 2/46 [human (3)]
    70 | D        | Reached skill level 4 in Unarmed Combat
   118 | D        | Gained mutation: You have a beak for a mouth. [potion of
                  | mutation]
   118 | D        | Gained mutation: You possess an exceptional clarity of
                  | mind. [potion of mutation]
   119 | D        | Lost mutation: You have a beak for a mouth. [potion of
                  | mutation]
   119 | D        | Lost mutation: You possess an exceptional clarity of mind.
                  | [potion of mutation]
   119 | D        | Gained mutation: Armour fits poorly on your strangely
                  | shaped body. [potion of mutation]
   119 | D        | Gained mutation: You are partially covered in iridescent
                  | scales. (AC +2) [potion of mutation]
   119 | D        | Gained mutation: Your spells are a little harder to cast,
                  | but a little more powerful. [potion of mutation]
   120 | D        | Lost mutation: Armour fits poorly on your strangely shaped
                  | body. [potion of mutation]
   120 | D        | Lost mutation: Your spells are a little harder to cast, but
                  | a little more powerful. [potion of mutation]
   120 | D        | Lost mutation: You are partially covered in iridescent
                  | scales. (AC +2) [potion of mutation]
   120 | D        | Gained mutation: You occasionally lose the ability to drink
                  | potions when taking damage. [potion of mutation]
   120 | D        | Gained mutation: You are weak. (Str -2) [potion of
                  | mutation]
   120 | D        | Gained mutation: You passively map a small area around you.
                  | [potion of mutation]
   121 | D        | Lost mutation: You occasionally lose the ability to drink
                  | potions when taking damage. [potion of mutation]
   121 | D        | Lost mutation: You passively map a small area around you.
                  | [potion of mutation]
   121 | D        | Lost mutation: You are weak. (Str -2) [potion of mutation]
   121 | D        | Gained mutation: Your magical capacity is low. (-10% MP)
                  | [potion of mutation]
   121 | D        | Gained mutation: You have sharp toenails. [potion of
                  | mutation]
   122 | D        | Lost mutation: You have sharp toenails. [potion of
                  | mutation]
   122 | D        | Lost mutation: Your magical capacity is low. (-10% MP)
                  | [potion of mutation]
   122 | D        | Gained mutation: You have a pair of small horns on your
                  | head. [potion of mutation]
   122 | D        | Gained mutation: Your system is resistant to poisons.
                  | (rPois) [potion of mutation]
   122 | D        | Gained mutation: Your magical capacity is low. (-10% MP)
                  | [potion of mutation]
   122 | D        | Gained mutation: You have a pair of horns on your head.
                  | [potion of mutation]
   128 | D        | Noticed a water elemental
   130 | D        | Killed a water elemental
   130 | D        | Reached *** piety under Trog
   131 | D        | Reached skill level 5 in Unarmed Combat
   131 | D        | Reached XP level 3. HP: 40/40 MP: 1/1
   131 | D        | Reached XP level 4. HP: 49/49 MP: 2/2
   180 | D        | Found a glowing silver altar of Zin.
   180 | D        | Found a glowing golden altar of the Shining One.
   180 | D        | Found a white marble altar of Elyvilon.
   181 | D        | Noticed a deep elf pyromancer
   188 | D        | Killed a deep elf pyromancer
   189 | D        | Reached skill level 9 in Unarmed Combat
   189 | D        | Reached XP level 5. HP: 43/63 MP: 3/3
   189 | D        | Reached XP level 6. HP: 49/72 MP: 4/4
   216 | D        | Found a hide-covered altar of Uskayaw.
   216 | D        | Found an iron altar of Okawaru.
   216 | D        | Found a bloodstained altar of Trog.
   216 | D        | Found an ornate altar of the Wu Jian Council.
   216 | D        | Noticed a human
   216 | D        | Noticed a human
   232 | D        | Killed a human
   233 | D        | Reached XP level 7. HP: 37/80 MP: 5/5
   234 | D        | Killed a human
   234 | D        | Reached **** piety under Trog
   235 | D        | Reached skill level 10 in Unarmed Combat
   272 | D        | Found a radiant altar of Vehumet.
   272 | D        | Found a shimmering blue altar of Sif Muna.
   272 | D        | Found an ancient bone altar of Kikubaaqudgha.
   274 | D        | Noticed a red devil
   329 | D        | Found a basalt altar of Yredelemnul.
   329 | D        | Found a shadowy altar of Dithmenos.
   329 | D        | Found a sacrificial altar of Ru.
   332 | D        | Reached ***** piety under Trog
   342 | D        | Noticed a shadow
   344 | D        | Killed a shadow
   345 | D        | Reached XP level 8. HP: 90/92 MP: 6/6
   353 | D        | Found a blossoming altar of Fedhas.
   353 | D        | Found a stormy altar of Qazlal.
   353 | D        | Found a snail-covered altar of Cheibriados.
   353 | D        | Found a burning altar of Makhleb.
   353 | D        | Found a shimmering altar of Xom.
   354 | D        | Found a hazy altar of Hepliaklqana.
   354 | D        | Found an opulent altar of Gozag.
   354 | D        | Found a sparkling altar of Nemelex Xobeh.
   354 | D        | Found a corrupted altar of Lugonu.
   354 | D        | Found a viscous altar of Jiyva.
   391 | D        | Noticed Snorg
   398 | D        | Killed Snorg
   399 | D        | Reached skill level 10 in Fighting
   399 | D        | Reached skill level 10 in Dodging
   399 | D        | Reached skill level 11 in Unarmed Combat
   446 | D        | Reached skill level 12 in Unarmed Combat
   455 | D        | Noticed a centaur warrior
   460 | D        | Killed a centaur warrior
   460 | D        | Received a gift from Trog
   461 | D        | Reached XP level 9. HP: 70/102 MP: 7/7
   511 | D        | Killed an unseen horror
   512 | D        | Reached skill level 13 in Unarmed Combat
   538 | D        | Noticed a wandering mushroom
   543 | D        | Noticed a wandering mushroom
   545 | D        | Noticed a wandering mushroom
   652 | D        | Found Xaofoczo's Assorted Antiques.
   653 | D        | Noticed an orc high priest
   670 | D        | Noticed an orange demon
   673 | D        | Noticed an orange demon
   687 | D        | Noticed an orange demon
   689 | D        | Killed an orc high priest
   689 | D        | Received a gift from Trog
   690 | D        | Reached skill level 14 in Unarmed Combat
   690 | D        | Reached XP level 10. HP: 115/115 MP: 8/8
   696 | D        | Received a gift from Trog
   703 | D        | Reached ****** piety under Trog
   764 | D        | Noticed a deep elf pyromancer
   764 | D        | Noticed a deep elf pyromancer
   764 | D        | Noticed a deep elf knight
   764 | D        | Noticed a deep elf knight
   764 | D        | Noticed a deep elf pyromancer
   810 | D        | Received a gift from Trog
   815 | D        | Received a gift from Trog
   830 | D        | Received a gift from Trog
   900 | D        | Noticed a cane toad
   900 | D        | Noticed a cane toad
   905 | D        | Killed a cane toad
   906 | D        | Reached skill level 15 in Unarmed Combat
   907 | D        | Received a gift from Trog
   909 | D        | Killed a cane toad
   933 | D        | Noticed a lindwurm
   936 | D        | Killed a lindwurm
   937 | D        | Reached XP level 11. HP: 89/127 MP: 8/8
   970 | D        | Received a gift from Trog
   971 | D        | Noticed Urug
   980 | D        | Killed Urug
  1029 | D        | Noticed a four-headed hydra
  1029 | D        | Noticed an eight-headed hydra
  1036 | D        | Killed a four-headed hydra
  1037 | D        | Reached skill level 16 in Unarmed Combat
  1042 | D        | Killed an 11-headed hydra
  1076 | D        | Noticed a death drake
  1085 | D        | Killed a death drake
  1190 | D        | Noticed Polyphemus
  1205 | D        | Killed Polyphemus
  1210 | D        | Received a gift from Trog
  1211 | D        | Reached skill level 17 in Unarmed Combat
  1326 | D        | Noticed Ilsuiw
  1340 | D        | Killed Ilsuiw
  1482 | D        | Reached skill level 15 in Fighting
  1494 | D        | Received a gift from Trog
  1506 | D        | Reached skill level 15 in Dodging
  1577 | D        | Noticed a dire elephant
  1585 | D        | Killed a dire elephant
  1585 | D        | Received a gift from Trog
  1588 | D        | Reached XP level 12. HP: 116/143 MP: 9/9
  1588 | D        | Noticed a dire elephant
  1588 | D        | Noticed Gastronok
  1592 | D        | Killed a dire elephant
  1593 | D        | Reached skill level 18 in Unarmed Combat
  1597 | D        | Killed Gastronok
  1705 | D        | Noticed an azure jelly
  1705 | D        | Noticed an azure jelly
  1705 | D        | Noticed an azure jelly
  1706 | D        | Noticed an azure jelly
  1708 | D        | Noticed Rupert
  1728 | D        | Killed Rupert
  1794 | D        | Noticed a death yak
  1795 | D        | Noticed a death yak
  1795 | D        | Noticed a death yak
  1798 | D        | Noticed a death yak
  1803 | D        | Killed a death yak
  1808 | D        | Killed a death yak
  1808 | D        | Received a gift from Trog
  1814 | D        | Killed a death yak
  1819 | D        | Killed a death yak
  1820 | D        | Reached skill level 19 in Unarmed Combat
  1966 | D        | Received a gift from Trog
  2010 | D        | Noticed an anaconda
  2015 | D        | Killed an anaconda
  2015 | D        | Received a gift from Trog
  2031 | D        | Noticed an anaconda
  2039 | D        | Killed an anaconda
  2075 | D        | Noticed a nagaraja
  2076 | D        | Noticed a naga warrior
  2089 | D        | Killed a naga warrior
  2095 | D        | Killed a nagaraja
  2096 | D        | Received a gift from Trog
  2102 | D        | Found Leomum's Book Boutique.
  2102 | D        | Found Seot Gagh's Antique Weapon Emporium.
  2104 | D        | Found Witroum's Magic Scroll Shop.
  2114 | D        | Bought a scroll of acquirement for 520 gold pieces
  2176 | D        | Got a serpentine rune of Zot
  2177 | D        | Acquired the amulet "Poupnuq" {Faith Slay+4}
  2303 | D        | Found Fenuffas's Distillery.
  2310 | D        | Reached skill level 20 in Unarmed Combat
  2310 | D        | Reached XP level 13. HP: 147/156 MP: 10/10
  2336 | D        | Found Ruotuq's Antique Weapon Shop.
  2337 | D        | Found Jaonlull's Book Shoppe.
  2338 | D        | Noticed a merfolk javelineer
  2351 | D        | HP: 7/156 [merfolk javelineer/javelin (20)]
  2356 | D        | Killed a merfolk javelineer
  2482 | D        | Got a barnacled rune of Zot
  2533 | D        | Found a blossoming altar of Fedhas.
  2555 | D        | Received a gift from Trog
  2590 | D        | Mangled by a polar bear simulacrum

Illustrated notes

Levels and vault maps discovered:
D:        dungeon_sprint_mu [sprint_mu_entry_cave, sprint_mu_temple_rooms,
          sprint_mu_d1_horrors, sprint_mu_d2_genie, sprint_mu_d3_branching,
          sprint_mu_orc_legion, sprint_mu_elf_gauntlet, sprint_mu_hive_nellie,
          sprint_mu_lair_fedhas, sprint_mu_vaults_butterflies,
          sprint_mu_slime_circle, sprint_mu_shoals_archi,
          sprint_mu_snake_twists, sprint_mu_blade_basic,
          sprint_mu_crypt_chambers, sprint_mu_tomb_spiral,
          sprint_mu_vestibule_basic, sprint_mu_gehenna_hellfire,
          sprint_mu_dis_giant, sprint_mu_tartarus_statrot,
          sprint_mu_cocytus_islands, sprint_mu_zot1]

Skill      XL: |  1  2  3  4  5  6  7  8  9 10 11 12 |
---------------+-------------------------------------+-----
Fighting       | 3 4 7 8 9 10 12 13 15 17 | 17.5
Dodging        | 3 4 7 8 10 11 13 15 17 | 17.3
Unarmed Combat | 5 9 10 12 14 15 17 20 | 20.2

Action                     |  1- 3 |  4- 6 |  7- 9 | 10-12 | 13-15 || total
---------------------------+-------+-------+-------+-------+-------++-------
  Melee: Unarmed           |    29 |    20 |    61 |   181 |    13 ||   304
         Punch             |     1 |     1 |     5 |    16 |     2 ||    25
         Headbutt          |     1 |     2 |    10 |    42 |       ||    55
 Invoke: Berserk           |     2 |       |     2 |     4 |       ||     8
         Brothers in Arms  |       |       |     2 |    10 |       ||    12
    Use: Potion            |     5 |       |       |       |     2 ||     7
         Scroll            |       |       |       |     1 |     1 ||     2
   Stab: Paralysed         |       |       |       |     1 |       ||     1
         Distracted        |       |       |       |       |     1 ||     1
 Armour: Animal skin       |    17 |    15 |    55 |   104 |    23 ||   214
  Dodge: Dodged            |    10 |    12 |    27 |    84 |     6 ||   139

Table legend: (Time is in decaauts)
 A = Elapsed time spent in this place.
 B = Non-inter-level travel time spent in this place.
 C = Inter-level travel time spent in this place.
 D = Time resting spent in this place.
 E = Time spent auto-exploring this place.
 F = Levels seen in this place.
 G = Mean time per level.
                   A        B        C        D        E       F      G
               +--------+--------+--------+--------+--------+-----+--------+
         Total |   2610 |   2352 |    258 |   1178 |    353 |   1 | 2610.0 |
       Dungeon |   2610 |   2352 |    258 |   1178 |    353 |   1 | 2610.0 |
               +--------+--------+--------+--------+--------+-----+--------+

Top non-repeatable levels by time:
       D: 2610 daAuts
